 Dungeon Crawl Stone Soup version 0.21-a0-507-ga8f6b7a (webtiles) character file.

230 kibaces the Slasher (level 5, -1/42 HPs)
             Began as a Demonspawn Abyssal Knight on Nov 27, 2017.
             Was a Believer of Lugonu.
             Slain by an iguana (13 damage)
             ... on level 4 of the Dungeon.
             The game lasted 00:17:54 (4222 turns).

kibaces the Slasher (Demonspawn Abyssal Knight)     Turns: 4222, Time: 00:17:55

Health: -1/42      AC:  4    Str: 14    XL:     5   Next: 72%
Magic:  6/6        EV: 11    Int: 13    God:    Lugonu [**....]
Gold:   233        SH:  0    Dex: 12    Spells: 4/4 levels left

rFire    . . .     SeeInvis .   a - +1 falchion
rCold    . . .     Gourm    .   (no shield)
rNeg     . . .     Faith    .   b - +0 leather armour
rPois    .         Spirit   .   x - +0 helmet
rElec    .         Reflect  .   (no cloak)
rCorr    .         Harm     .   (no gloves)
MR       .....                  (no boots)
Stlth    ++........             (no amulet)
HPRegen  0.14/turn              w - ring of flight
MPRegen  0.10/turn              (no ring)

@: no status effects
A: talons 1, nightstalker 1
a: Depart the Abyss, Bend Space, Renounce Religion, Evoke Flight


You were on level 4 of the Dungeon.
You worshipped Lugonu.
Lugonu was pleased with you.
You were not hungry.

You visited 1 branch of the dungeon, and saw 4 of its levels.
You visited the Abyss 1 time.

You collected 233 gold pieces.

Inventory:

Hand Weapons
 a - a +1 falchion (weapon)
Armour
 b - a +0 leather armour (worn)
 k - a +0 scale mail
 x - a +0 helmet (worn)
Jewellery
 w - a ring of flight (left hand)
Wands
 o - a wand of flame (13)
Scrolls
 d - 3 scrolls of identify
 e - a scroll of enchant armour {unknown}
 g - a scroll of fog {unknown}
 l - 2 scrolls of remove curse
 n - a scroll of enchant weapon {unknown}
 q - a scroll of magic mapping {unknown}
 r - a scroll of teleportation
 s - 2 scrolls of immolation
Potions
 f - a potion of cancellation {unknown}
 j - 2 potions of haste {unknown}
 u - a potion of heal wounds {unknown}
 v - 2 potions of flight {unknown}
Books
 t - a book of Misfortune

   Spells                             Type                      Level
   a - Confusing Touch                Hexes                        1
   b - Confuse                        Hexes                        3
   c - Gell's Gravitas                Translocation                3
   d - Petrify                        Transmutation/Earth          4
   e - Metabolic Englaciation         Hexes/Ice                    5
   f - Yara's Violent Unravelling     Hexes/Transmutation          5
Comestibles
 c - 5 bread rations
 h - 2 royal jellies
 i - 2 meat rations
 m - a fruit


   Skills:
 + Level 4.1 Fighting
 + Level 4.2 Long Blades
 + Level 2.8 Armour
 - Level 1.0 Dodging
 - Level 2.4 Invocations


You had 4 spell levels left.
You didn't know any spells.

Dungeon Overview and Level Annotations

Branches:
Dungeon (4/15)
 Temple: D:4-7

Altars:
Elyvilon
Qazlal


Innate Abilities, Weirdness & Mutations

You have sharp toenails.
You are slightly more attuned to the shadows.


Message History

The howler monkey hoots and howls with incredible vigour!
You slash the iguana! You claw the iguana, but do no damage.
The iguana is heavily wounded.
The iguana barely misses you.
You hit the iguana but do no damage. You claw the iguana.
The iguana is severely wounded.
The iguana hisses menacingly.
The iguana bites you. The iguana bites you!
You hit the iguana but do no damage. You claw the iguana, but do no damage.
The iguana is severely wounded.
The iguana bites you.
You hit the iguana.
The iguana is almost dead.
The iguana bites you!
* * * LOW HITPOINT WARNING * * *
You closely miss the iguana.
The iguana is almost dead.
The howler monkey hoots and howls with incredible vigour!
The iguana bites you!
You die...

#..# #.# #. #..# #. #.
#..# #. #. #..# #. #.
#..#####.# #. #.
#........# ####. #.
##.####### #....
.####.###.##########....
..$..hl@...............#
#####.###.###########.##
#. #.# ####..... #. #.#
.......## #. #?.
.....#... #. ###
#######.# #. ###...
#≈≈... ##≈..♣.


You could see a howler monkey and an iguana.

Vanquished Creatures
  A hound (D:4)
  An orc wizard (D:3)
  A hound skeleton (D:4)
  Robin (D:2)
  2 adders (D:3)
  2 worms
  4 dart slugs
  3 leopard geckos
  10 orcs (D:3)
  4 giant cockroaches
  15 goblins
  12 hobgoblins
  5 jackals
  10 kobolds
  2 quokkas
  10 bats
  6 frilled lizards
  8 rats
97 creatures vanquished.

Vanquished Creatures (others)
  A goblin (D:4)
1 creature vanquished.

Grand Total: 98 creatures vanquished

Notes
Turn   | Place    | Note
-------+----------+-------------------------------------------
     0 | Abyss:1  | kibaces the Demonspawn Abyssal Knight began the quest for the Orb.
     0 | Abyss:1  | Reached XP level 1. HP: 18/18 MP: 2/2
     0 | Abyss:1  | Found a corrupted altar of Lugonu.
    58 | D:1      | Escaped the Abyss
   422 | D:1      | Reached * piety under Lugonu
   432 | D:1      | Gained mutation: You have sharp toenails. [demonic ancestry]
   432 | D:1      | Reached XP level 2. HP: 23/24 MP: 3/3
   534 | D:1      | Reached skill level 1 in Dodging
   877 | D:1      | Gained mutation: You are slightly more attuned to the shadows. [demonic ancestry]
   877 | D:1      | Reached XP level 3. HP: 26/30 MP: 4/4
  1791 | D:2      | Reached ** piety under Lugonu
  2393 | D:3      | Reached XP level 4. HP: 36/37 MP: 5/5
  2446 | D:3      | Found a stormy altar of Qazlal.
  2755 | D:3      | Noticed Robin
  3278 | D:3      | Reached XP level 5. HP: 41/42 MP: 6/6
  3454 | D:3      | Reached *** piety under Lugonu
  3594 | D:2      | Killed Robin
  4117 | D:4      | Found a white marble altar of Elyvilon.
  4222 | D:4      | Slain by an iguana

Vault maps used:
D:1:      dpeg_arrival_rooms_with_view
D:3:      corexii_shack_village, first_bread, grunt_qazlal_sundering, uniq_robin
D:4:      grunt_temple_overflow_gold_and_silver, elyvilon_altar_4
Abyss:2:  hangedman_abyss_sting

Skill      XL: |  1  2  3  4  5 |
---------------+----------------+-----
Dodging        | 1 |  1.0
Long Blades    | 2 3 4 |  4.2
Armour         | 2 |  2.8
Fighting       | 4 |  4.1
Invocations    | |  2.4

Action                   |  1- 3 |  4- 6 || total
-------------------------+-------+-------++-------
Melee: Falchion          |   110 |   132 ||   242
       Kick              |    16 |    35 ||    51
Invok: Depart the Abyss  |     1 |       ||     1
       Bend Space        |       |     3 ||     3
  Use: Scroll            |     2 |     2 ||     4
 Stab: Distracted        |     1 |       ||     1
       Sleeping          |     1 |     6 ||     7
  Eat: Chunk             |     5 |     5 ||    10
       Fruit             |       |     1 ||     1
Armor: Leather armour    |    32 |    33 ||    65
Dodge: Dodged            |    79 |    84 ||   163
       Rpst.: Falchion   |    28 |    24 ||    52

Table legend:
 A = Spawn XP
 B = Non-spawn XP
 C = Spawn XP percentage of total XP
 D = Spawn monster count
 E = Non-spawn monster count
 F = Spawn count percentage of total count
 G = Total turns spent on level
                    A         B        C        D         E        F      G
               +---------+---------+-------+---------+---------+-------+---------
         Total |       0 |     329 |   0.0 |       0 |      97 |   0.0 |  4222
               +---------+---------+-------+---------+---------+-------+---------
           D:1 |       0 |      48 |   0.0 |       0 |      28 |   0.0 |  1261
           D:2 |       0 |      38 |   0.0 |       0 |      11 |   0.0 |   947
           D:3 |       0 |     178 |   0.0 |       0 |      55 |   0.0 |  1709
           D:4 |       0 |      65 |   0.0 |       0 |       3 |   0.0 |   247
               +---------+---------+-------+---------+---------+-------+---------
